Map: Blueshift LE

Players

Shadowfall

  • Race: Protoss Protoss
  • League: Diamond
  • Spawn Location: 1:00

Ikaruga - Winner!

  • Race: Terran Terran
  • League: Master
  • Spawn Location: 7:00

VOD

Have the link to the VOD?

Description

Time

  • Played on: Dec. 15, 2018, 10:02 a.m.
  • Length: 15:09
Show
View Real Time Build Order
Export as new Build Order

Shadowfall Protoss 

Build Orders: Blink Stalkers 

Get SALT Encoding   

  12  0:00  Probe  
  13  0:12  Probe  
  14  0:18  Pylon  
  14  0:25  Probe  
  15  0:37  Probe, Gateway  
  16  0:45  Probe  
  16  0:48  Assimilator  
  17  0:53  Probe  
  17  1:03  Probe  
  19  1:15  Probe  
  20  1:28  Zealot, Cybernetics Core  
  22  1:34  Assimilator  
  22  1:38  Probe  
  23  1:49  Pylon  
  23  1:59  Adept  
  23  2:07  Probe  
  26  2:08  Nexus  
  26  2:13  Warp Gate  
  26  2:19  Probe  
  27  2:31  Stalker  
  27  2:32  Probe  
  30  2:37  Pylon  
  30  2:44  Probe  
  31  2:56  Probe  
  32  3:00  Twilight Council  
  32  3:04  Probe  
  32  3:12  Probe  
  33  3:16  Blink  
  34  3:20  Probe  
  34  3:22  Probe  
  34  3:24  Sentry  
  38  3:32  Probe  
  39  3:34  Probe  
  40  3:43  Gateway  
  40  3:44  Probe  
  40  3:46  Probe  
  42  3:48  Gateway  
  42  3:55  Forge  
  42  3:56  Assimilator  
  42  4:01  Probe, Pylon  
  43  4:03  Protoss Ground Weapons Level 1  
  43  4:04  Probe  
  44  4:13  Probe  
  44  4:16  Probe  
  46  4:25  Probe  
  46  4:29  Probe  
  48  4:37  Probe  
  49  4:41  Probe  
  49  4:42  Nexus  
  50  4:48  Shield Battery  
  50  4:50  Phoenix  
  50  4:53  Robotics Facility  
  50  4:55  Probe  
  50  4:56  Shield Battery  
  50  4:58  Pylon  
  51  5:06  Stalker x2  
  55  5:07  Stalker  
  55  5:10  Probe  
  58  5:15  Charge  
  58  5:25  Assimilator  
  58  5:31  Probe  
  58  5:32  Probe, Pylon  
  60  5:35  Forge  
  60  5:39  Protoss Ground Weapons Level 2  
  60  5:43  Probe  
  60  5:45  Observer  
  60  5:47  Probe  
  60  5:49  Protoss Ground Armor Level 1  
  63  5:54  Stalker x3  
  63  5:56  Probe  
  70  5:59  Probe  
  71  6:06  Observer  
  71  6:08  Robotics Bay  
  72  6:14  Probe x2  
  72  6:16  Probe  
  72  6:17  Pylon  
  75  6:18  Pylon  
  75  6:24  Stalker x2  
  79  6:27  Stalker  
  79  6:32  Observer  
  82  6:34  Probe x3  
  85  6:41  Assimilator  
  85  6:46  Probe x3  
  86  6:52  Colossus  
  84  6:55  Shield Battery  
  84  6:57  Zealot x3  
  84  6:58  Probe  
  91  7:04  Extended Thermal Lance  
  97  7:12  Probe x2  
  97  7:13  Gateway  
  99  7:16  Gateway  
  99  7:18  Probe  
  99  7:20  Gateway  
  100  7:24  Probe x2  
  102  7:30  Probe  
  102  7:31  Pylon  
  102  7:33  Pylon  
  103  7:38  Protoss Ground Weapons Level 3  
  103  7:39  Probe  
  103  7:40  Protoss Ground Armor Level 2  
  104  7:45  Assimilator  
  104  7:53  Pylon  
  104  7:54  Zealot x3  
  104  7:56  Probe x3  
  113  8:02  Observer  
  113  8:06  Warp Prism, Templar Archives  
  113  8:08  Nexus  
  113  8:10  Phoenix, Pylon  
  115  8:16  Probe x2  
  117  8:30  Stalker, Sentry x2  
  117  8:31  Stalker x3  
  117  8:33  Psionic Storm  
  129  8:44  Probe x2, Robotics Facility  
  131  8:56  Gateway  
  131  8:57  Disruptor  
  131  9:00  Pylon  
  131  9:01  Pylon  
  131  9:02  High Templar  
  136  9:03  Zealot  
  136  9:04  Zealot  
  136  9:07  Pylon  
  136  9:09  Pylon  
  140  9:12  Pylon  
  140  9:14  Pylon  
  140  9:15  Assimilator  
  140  9:20  Assimilator  
  140  9:28  Probe  
  140  9:29  Probe x2  
  140  9:30  Probe  
  140  9:31  High Templar x2  
  146  9:32  High Templar  
  146  9:33  Disruptor, Zealot x2  
  157  9:40  Disruptor, Probe  
  157  9:45  Protoss Ground Armor Level 3  
  161  9:46  Gateway  
  161  9:48  Gateway  
  161  9:49  Gateway  
  161  9:51  Protoss Shields Level 1, Gateway  
  161  9:52  Gateway  
  161  10:08  Zealot x7  
  161  10:11  Disruptor  
  178  10:25  Disruptor  
  181  10:29  Stalker x2  
  181  10:30  High Templar  
  181  10:32  Stalker x2  
  181  10:33  Zealot x2  
  195  10:37  Shield Battery  
  195  10:38  Pylon  
  195  11:08  Dark Shrine  
  195  11:11  Shield Battery  
  195  11:14  Pylon  
  195  11:16  Photon Cannon  
  195  11:19  Photon Cannon, Stargate  
  195  11:22  Stargate  
  195  11:30  Phoenix  
  183  12:05  Observer  
  187  12:10  Fleet Beacon  
  183  12:19  Protoss Shields Level 2, Archon x2  
  183  12:29  Gravitic Boosters  
  183  12:34  Robotics Facility  
  183  12:56  Nexus  
  180  13:00  Nexus  
  180  13:02  Pylon  
  173  13:08  Zealot  
  173  13:09  Dark Templar  
  173  13:10  Dark Templar  
  173  13:11  High Templar x2  
  173  13:12  Zealot x5  
  191  13:13  Zealot x2  
  191  13:14  Archon  
  191  13:15  Archon  
  140  13:28  Tempest  
  140  13:29  Tempest  
  140  13:32  Zealot  
  140  13:33  Zealot x6  
  153  13:42  Dark Templar x3  
  146  13:56  Zealot x2  
  146  13:57  Zealot x3  
  126  14:11  Tempest  
  126  14:12  Tempest  
  126  14:16  Zealot x8  
  130  14:24  Immortal x2  
  128  14:36  Zealot  
  128  14:37  Zealot x10  
  128  14:38  Zealot  
Show
View Real Time Build Order
Export as new Build Order

Ikaruga Terran - Winner!

Build Orders:  

Get SALT Encoding   

  12  0:01  SCV  
  13  0:13  SCV  
  14  0:25  SCV  
  15  0:36  Supply Depot  
  15  0:58  SCV  
  16  1:10  SCV  
  16  1:11  Barracks  
  17  1:13  Refinery  
  17  1:23  SCV  
  18  1:35  SCV  
  19  1:42  Command Center  
  19  1:57  Barracks Reactor  
  19  1:58  Orbital Command  
  19  2:05  Supply Depot  
  18  2:28  Bunker  
  18  2:29  Supply Depot, SCV  
  19  2:34  Factory, Marine x2  
  21  2:39  Refinery  
  21  2:44  SCV  
  22  2:52  Marine x2  
  24  2:59  Orbital Command  
  24  3:03  SCV  
  25  3:13  Marine x2  
  25  3:15  SCV  
  25  3:18  Factory Tech Lab  
  28  3:26  Starport  
  28  3:28  SCV x2  
  30  3:38  Siege Tank  
  30  3:41  SCV  
  34  3:42  SCV  
  35  3:55  SCV x2  
  36  4:02  Starport Tech Lab  
  37  4:07  SCV  
  38  4:11  Orbital Command  
  38  4:14  Marine  
  38  4:15  Marine  
  40  4:19  SCV  
  41  4:28  Raven  
  43  4:34  Command Center  
  43  4:35  SCV  
  44  4:47  Bunker  
  44  4:48  SCV x2  
  44  4:52  Siege Tank  
  49  4:54  Marine x2  
  51  5:00  SCV  
  51  5:03  SCV  
  53  5:12  SCV  
  54  5:21  Supply Depot  
  54  5:25  Supply Depot  
  54  5:29  Supply Depot  
  54  5:33  Refinery x2  
  54  5:39  Marine x2, Viking, SCV x2  
  60  5:43  Siege Tank  
  60  5:48  Engineering Bay  
  63  5:51  SCV x2  
  65  6:00  Marine x2  
  65  6:03  SCV x2  
  69  6:05  Orbital Command  
  69  6:10  Supply Depot, Viking  
  71  6:11  Supply Depot  
  71  6:15  SCV x2  
  73  6:23  Armory  
  73  6:24  Armory  
  74  6:27  SCV  
  74  6:28  Siege Tank  
  74  6:31  SCV  
  79  6:40  Viking, SCV  
  79  6:46  SCV  
  82  6:49  SCV  
  83  6:55  SCV  
  83  6:59  SCV  
  83  7:00  Siege Tank  
  88  7:01  SCV  
  88  7:07  Supply Depot, SCV  
  90  7:11  SCV  
  90  7:13  Supply Depot  
  91  7:21  Terran Vehicle Weapons Level 1, Terran Vehicle And Ship Armor Level 1  
  92  7:22  SCV  
  92  7:23  Orbital Command  
  92  7:26  Factory, SCV  
  93  7:31  Infernal Pre-Igniter  
  93  7:35  SCV  
  94  7:38  SCV  
  94  7:42  Siege Tank  
  94  7:44  Supply Depot  
  98  7:47  SCV  
  98  7:49  SCV  
  98  7:50  SCV  
  101  7:58  Banshee  
  101  7:59  SCV  
  101  8:01  SCV  
  101  8:02  SCV  
  101  8:04  Refinery x2  
  107  8:07  Supply Depot x2  
  107  8:10  Hellion x2  
  107  8:11  SCV  
  112  8:16  Siege Tank  
  112  8:17  Factory x2  
  112  8:19  Factory  
  115  8:32  Supply Depot x2, Hellion x2  
  119  8:34  Supply Depot  
  119  8:53  Siege Tank  
  119  8:54  Missile Turret, Hellion x2  
  126  8:56  Missile Turret  
  126  8:57  Missile Turret  
  126  8:59  Missile Turret x2  
  126  9:03  Factory Tech Lab, Factory Reactor, Missile Turret  
  126  9:04  Factory Tech Lab  
  126  9:06  Missile Turret  
  126  9:08  Missile Turret x2  
  126  9:12  Missile Turret  
  126  9:13  Missile Turret x2  
  126  9:14  Missile Turret  
  126  9:15  Terran Vehicle Weapons Level 2  
  126  9:16  Terran Vehicle And Ship Armor Level 2  
  126  9:19  Hellion x2  
  130  9:33  Siege Tank  
  130  9:34  Siege Tank  
  130  9:35  Siege Tank  
  139  9:40  Command Center  
  142  9:56  Hellion x3  
  142  9:57  Hellion  
  150  10:00  Missile Turret  
  150  10:03  Missile Turret  
  147  10:12  Siege Tank  
  147  10:13  Siege Tank x2  
  156  10:15  Starport Reactor  
  156  10:23  Engineering Bay  
  156  10:24  Engineering Bay  
  156  10:26  Engineering Bay  
  156  10:42  Hellion x4  
  164  11:03  Neosteel Armor  
  164  11:09  Sensor Tower  
  164  11:14  Refinery  
  164  11:15  Refinery, Siege Tank x3  
  164  11:16  Sensor Tower, Viking x2  
  177  11:46  Viking x2  
  177  11:52  Siege Tank x3  
  186  12:02  Missile Turret  
  186  12:06  Planetary Fortress  
  186  12:20  Sensor Tower  
  186  12:28  Widow Mine x5  
  196  12:32  Missile Turret  
  196  12:34  Missile Turret  
  196  12:38  Command Center  
  195  12:59  Widow Mine  
  196  13:23  Widow Mine  
  196  13:25  Viking x2  
  176  13:55  Viking x2  
  146  14:14  Siege Tank x3  
  146  14:15  Widow Mine x4  
  160  14:25  Viking x2  
  161  14:37  Hellion x2  
Tags
 
Add a new tag
Caveats
  • Supply blocks, unpowered buildings, or Contaminate may cause inaccurate times.
  • Supply counts are checked every 10 seconds.